 Dungeon Sprint DCSS version 0.30-a0-778-g2ef04afb54 (webtiles) character file.

Game seed: 2150331517494933271

139437 BigDaddyOpFi the Demonic Cataclysm (level 16, -3/159 HPs)
             Began as a Demonspawn Fighter on Feb 16, 2023.
             Was a High Priest of Qazlal.
             Slain by a hell knight
             ... wielding a +2 glaive
              (25 damage)
             ... in the Dungeon (Sprint VII: "The Pits").
             The game lasted 00:15:24 (6079 turns).

BigDaddyOpFi the Demonic Cataclysm (DsFi)           Turns: 6079, Time: 00:15:24

Health: -3/159     AC: 38    Str: 27    XL:     16   Next: 43%
Magic:  33/33      EV: 13    Int: 10    God:    Qazlal [*****.]
Gold:   138        SH:  0    Dex: 20    Spells: 15/15 levels left

rFire   + + .      SeeInvis .    l - +5 broad axe
rCold   + . .      Faith    .    c - +0 buckler
rNeg    . . .      Spirit   .    L - +2 gold dragon scales
rPois   +          Reflect  +    (helmet restricted)
rElec   +          Harm     .    Q - +0 cloak "Jaunuck" {Regen+ Str+3 Dex+2}
rCorr   +          Rampage  +    x - +5 pair of gloves "Serubbon" {Dex+5}
Will    +....      NoTele   +    K - +1 pair of boots {Stlth+} Stlth
                                 W - amulet of Liberty {Reflect Rampage SH+5}
HPRegen 1.26/turn                a - ring "Douwkoph" {rElec rCorr Slay+4}
MPRegen 0.23/turn                m - ring of Imutask {Fly EV+5}

@: confused, protected from fire, flying, glowing, studying Staves, repel
missiles
A: large bone plates 2, powered by death 2, condensation shield, demonic touch
2, antennae 1, evolution 1, MP-powered wands, sturdy frame 1
}: 1/3 runes: silver
a: Renounce Religion, Upheaval, Elemental Force, Disaster Area


You were in the Dungeon.
You worshipped Qazlal.
Qazlal was extremely pleased with you.
You visited 1 branch You collected 138 gold pieces.

Inventory:

Hand Weapons
 l - a +5 broad axe (weapon)
Armour
 c - a +0 buckler (worn)
 d - a +1 cloak of poison resistance
 x - the +5 pair of gloves "Serubbon" (worn) {Dex+5}
   (You found it in the Dungeon)

   Dex:       It affects your dexterity (+5).
 G - a +1 helmet
 K - a +1 pair of boots of stealth (worn)
 L - +2 gold dragon scales (worn)
 Q - the +0 cloak "Jaunuck" (worn) {Regen+ Str+3 Dex+2}
   (You found it in the Dungeon)

   Str:       It affects your strength (+3).
   Dex:       It affects your dexterity (+2).
   Regen:     It increases your rate of health regeneration.
Jewellery
 a - the ring "Douwkoph" (left hand) {rElec rCorr Slay+4}
   (You found it in the Dungeon)

   [ring of resist corrosion]

   Slay:      It affects your accuracy & damage with ranged weapons and melee
   (+4).
   rElec:     It insulates you from electricity.
   rCorr:     It protects you from acid and corrosion.
 m - the ring of Imutask (right hand) {Fly EV+5}
   (You found it in the Dungeon)

   [ring of evasion]

   EV:        It affects your evasion (+5).
   Fly:       It grants you flight.
 w - a ring of protection from cold
 y - a ring of positive energy
 A - a +6 ring of strength
 N - a +3 ring of slaying
 T - the ring of Boush {AC+4 Dex+3}
   (You found it in the Dungeon)

   [ring of protection]

   AC:        It affects your AC (+4).
   Dex:       It affects your dexterity (+3).
 W - the amulet of Liberty (around neck) {Reflect Rampage SH+5}
   (You found it in the Dungeon)

   [amulet of reflection]

   It reflects blocked missile attacks.
   SH:        It affects your SH (+5).
   Rampage:   It bestows one free step when moving towards enemies.
 X - the ring "Enyntek" {Fly MP+9 Str+4 Dex-5 Slay+5}
   (You found it in the Dungeon)

   [ring of slaying]

   Str:       It affects your strength (+4).
   Dex:       It affects your dexterity (-5).
   Slay:      It affects your accuracy & damage with ranged weapons and melee
   (+5).
   MP:        It affects your magic capacity (+9).
   Fly:       It grants you flight.
 Z - the amulet of Valum {Reflect *Slow rC+ rCorr Dex+2 SH+5}
   (You found it in the Dungeon)

   [amulet of reflection]

   It reflects blocked missile attacks.
   Dex:       It affects your dexterity (+2).
   rC:        It protects you from cold.
   rCorr:     It protects you from acid and corrosion.
   *Slow:     It may slow you when you take damage.
   SH:        It affects your SH (+5).
Wands
 b - a wand of flame (23)
 U - a wand of acid (7)
Scrolls
 j - 3 scrolls of blinking
 p - 5 scrolls of identify
 s - a scroll of magic mapping
 u - 4 scrolls of fog
 v - 5 scrolls of fear
 F - 5 scrolls of enchant armour
 H - 5 scrolls of enchant weapon
 S - a scroll of silence
Potions
 e - 8 potions of curing
 f - 20 potions of heal wounds
 g - 10 potions of haste
 h - 9 potions of magic
 i - 9 potions of berserk rage
 k - 2 potions of invisibility
 n - 5 potions of might
 z - a potion of ambrosia
 B - a potion of brilliance
 E - a potion of lignification
 V - 4 potions of mutation


   Skills:
 + Level 23.9 Fighting
 + Level 22.1 Axes
 + Level 22.1 Armour
 + Level 22.2 Shields
 O Level 27 Invocations


You had 15 spell levels left.
You didn't know any spells.
Your spell library contained the following spells:

 Spells                   Type           Power      Damage    Failure   Level
 Beastly Appendage        Tmut           0%         N/A       95%         1
 Foxfire                  Conj/Fire      0%         2x1d4     95%         1
 Cigotuvi's Dreadful Rot  Necr/Pois/Air  0%         N/A       99%         2
 Wereblood                Tmut           0%         N/A       99%         2
 Call Canine Familiar     Summ           0%         N/A       100%        3
 Hailstorm                Conj/Ice       0%         3d3       100%        3
 Inner Flame              Hex/Fire       0%         N/A       100%        3
 Portal Projectile        Hex/Tloc       0%         N/A       100%        3
 Spider Form              Tmut/Pois      0%         N/A       100%        3
 Animate Dead             Necr           0%         N/A       100%        4
 Cause Fear               Hex            0%         N/A       100%        4
 Ice Form                 Ice/Tmut       0%         N/A       100%        4
 Leda's Liquefaction      Hex/Erth       0%         N/A       100%        4
 Agony                    Necr           0%         N/A       100%        5
 Blade Hands              Tmut           0%         N/A       100%        5
 Fireball                 Conj/Fire      0%         3d3       100%        5
 Irradiate                Conj/Tmut      0%         3d11      100%        5
 Simulacrum               Ice/Necr       0%         N/A       100%        6
 Starburst                Conj/Fire      0%         6d3       100%        6
 Dragon Form              Tmut           0%         N/A       100%        7
 Borgnjor's Revivificati  Necr           0%         N/A       100%        8
 Discord                  Hex            0%         N/A       100%        8
 Necromutation            Tmut/Necr      0%         N/A       100%        8
 Death's Door             Necr           0%         N/A       100%        9


Dungeon Overview and Level Annotations

Branches:
Dungeon (1/1)

Altars:
Ashenzari
Cheibriados
Dithmenos
Fedhas
Gozag
Hepliaklqana
Kikubaaqudgha
Makhleb
Nemelex Xobeh
Okawaru
Qazlal
Ru
Sif Muna
Trog
Uskayaw
Vehumet
Wu Jian
Xom
Yredelemnul
Jiyva
Lugonu


Innate Abilities, Weirdness & Mutations

You are mostly covered in large bone plates. (SH +6)
You regenerate health from kills.
A meltable shield of frost defends you. (SH +0)
Your touch may inflict irresistible damage on your foes.
You have a pair of small antennae on your head.
You have hidden genetic potential.
You expend magic power (3 MP) to strengthen your wands.
Your movements are slightly less encumbered by armour. (ER -2)


Message History

You feel much better.
The hell knight hits you but does no damage.
The storm dragon closely misses you. The storm dragon barely misses you.
The storm dragon closely misses you.
The hell knight hits you from afar with a +3 demon trident of flaming!
You feel more protected from physical attacks.
The hell knight barely misses you.
The hell knight hits you with a +5 war axe!!
* * * LOW HITPOINT WARNING * * *
You feel more protected from physical attacks.
The hellephant blinks!
The titan is engulfed in freezing vapours.
The titan hits you but does no damage.
The reaper hits you from afar with a +2 heavy scythe!!
* * * LOW HITPOINT WARNING * * *
The ophan calls forth blessed flames!
You feel much better.
The hell knight hits you from afar with a +3 demon trident of flaming!
* * * LOW HITPOINT WARNING * * *
The hell knight burns you.
* * * LOW HITPOINT WARNING * * *
The hell knight hits you but does no damage.
The storm dragon closely misses you.
The storm dragon claws you but does no damage.
The storm dragon tramples you but does no damage.
The hell knight hits you but does no damage. x2
The hell knight barely misses you.
The storm dragon breathes lightning at you.
The bolt of lightning misses you.
The titan gestures wildly while chanting.
The titan is healed somewhat.
You feel much better. The hell knight barely misses you.
The hell knight hits you from afar with a +3 demon trident of flaming!!
* * * LOW HITPOINT WARNING * * *
Your resistance to physical damage fades away.
You feel protected from fire. The hell knight burns you.
* * * LOW HITPOINT WARNING * * *
The hell knight hits you from afar with a +2 glaive!!
You die...

..######++##### .)##..........#
[.##..........# ..
.)''..#....#..##++#++#..
.)''..........##........
####..........##........
####..#....#..##.2#..#..
..''..........##.Dp.....
..''..........##@CpG....
..##..#....#..##'p#p'#..
..##..........'Y..# #
..##..........''..#
..####''####''#####
..####''####''###################
..##......##.............)......[
..##.#'##.##.....................
#.#))+.##..##############[)###


You could see a hellephant, a titan, a storm dragon, an ophan, a reaper and 4
hell knights.

Vanquished Creatures
  Mara (D)
  An ancient lich (D)
  Saint Roka (D)
  A bone dragon (D)
  2 liches (D)
  A titan (D)
  2 deep elf blademasters (D)
  A deep elf master archer (D)
  Frances (D)
  A sphinx (D)
  2 shadow dragons (D)
  A frost giant (D)
  2 nagarajas (D)
  A balrug (D)
  2 draconian shifters (D)
  4 orc warlords (D)
  A draconian annihilator (D)
  An apis (D)
  A war gargoyle (D)
  7 stone giants (D)
  A deep elf demonologist (D)
  3 black draconians (D)
  A vampire knight (D)
  3 minotaurs (D)
  A lorocyproca (D)
  A white draconian (D)
  A red draconian (D)
  A deep elf annihilator (D)
  6 ettins (D)
  2 eidola (D)
  A deep elf death mage (D)
  3 deep elf high priests (D)
  2 vault guards (D)
  A hydra (D)
  2 great orbs of eyes (D)
  6 ogre magi (D)
  A yaktaur captain (D)
  A centaur warrior (D)
  A spriggan air mage (D)
  4 death knights (D)
  3 catoblepae (D)
  2 dancing weapons (D)
  2 merfolk avatars (D)
  2 boulder beetles (D)
  8 two-headed ogres (D)
  A spriggan berserker (D)
  An orc high priest (D)
  5 hell knights (D)
  Urug (D)
  A deep elf knight (D)
  A soul eater (D)
  A fire crab (D)
  A sun demon (D)
  9 skeletal warriors (D)
  4 iron trolls (D)
  A shadow wraith (D)
  3 sea snakes (D)
  9 deep trolls (D)
  3 spriggan druids (D)
  A swamp dragon (D)
  A bog body (D)
  A necromancer (D)
  3 wizards (D)
  A lindwurm (D)
  14 orc knights (D)
  3 orc sorcerers (D)
  A harpy (D)
  An ugly thing (D)
  8 cyclopes (D)
  Maurice (D)
  An eye of devastation (D)
  Joseph (D)
  A molten gargoyle (D)
  A gargoyle (D)
  A cane toad (D)
  2 rime drakes (D)
  An ice devil (D)
  A freezing wraith (D)
  A wandering mushroom (D)
  10 trolls (D)
  A polar bear (D)
  A tyrant leech (D)
  A hellwing (D)
  A tarantella (D)
  11 dream sheep (D)
  4 slime creatures (D)
  An air elemental (D)
  A water elemental (D)
  2 fire bats (D)
  A wraith (D)
  8 redbacks (D)
  3 yaks (D)
  A golden eye (D)
  A fire elemental (D)
  A chaos spawn (D)
  Menkaure (D)
  A steam dragon (D)
  2 neqoxecs (D)
  2 wargs (D)
  A floating eye (D)
  10 orc warriors (D)
  A swamp drake (D)
  2 black bears (D)
  8 ogres (D)
  6 wolves (D)
  A centaur (D)
  A phantom (D)
  2 bullfrogs (D)
  3 wights (D)
  5 killer bees (D)
  A crimson imp (D)
  A hound (D)
  A quasit (D)
  4 orc priests (D)
  An iron imp (D)
  An iguana (D)
  4 orc wizards (D)
  2 hell rats (D)
  A mummy (D)
  A gnoll (D)
  An adder (D)
  A river rat (D)
  A white imp (D)
  An ufetubus (D)
  2 adder zombies (D)
  An adder simulacrum (D)
  19 orcs (D)
  A bat zombie (D)
  An endoplasm (D)
  2 hobgoblins (D)
  2 jackals (D)
  2 kobolds (D)
  A ball python (D)
  A ball python simulacrum (D)
  A quokka simulacrum (D)
  A rat (D)
328 creatures vanquished.

Vanquished Creatures (others)
  A draconian knight (D)
1 creature vanquished.

Grand Total: 329 creatures vanquished

Notes
Turn   | Place    | Note
-------+----------+-------------------------------------------
     0 | D        | BigDaddyOpFi the Demonspawn Fighter began the quest for the
                  | Orb.
     0 | D        | Reached XP level 1. HP: 18/18 MP: 1/1
    16 | D        | Found a bloodstained altar of Trog.
    16 | D        | Found a shimmering blue altar of Sif Muna.
    16 | D        | Found a viscous altar of Jiyva.
    16 | D        | Found a hazy altar of Hepliaklqana.
    16 | D        | Found an opulent altar of Gozag.
    17 | D        | Found a basalt altar of Yredelemnul.
    17 | D        | Found a shimmering altar of Xom.
    17 | D        | Found an ornate altar of the Wu Jian Council.
    17 | D        | Found a sacrificial altar of Ru.
    17 | D        | Found a stormy altar of Qazlal.
    17 | D        | Found an iron altar of Okawaru.
    17 | D        | Found a sparkling altar of Nemelex Xobeh.
    17 | D        | Found a burning altar of Makhleb.
    17 | D        | Found a blossoming altar of Fedhas.
    17 | D        | Found a shadowy altar of Dithmenos.
    17 | D        | Found a snail-covered altar of Cheibriados.
    18 | D        | Found a radiant altar of Vehumet.
    18 | D        | Found a corrupted altar of Lugonu.
    19 | D        | Found an ancient bone altar of Kikubaaqudgha.
    19 | D        | Found a hide-covered altar of Uskayaw.
    19 | D        | Found a broken altar of Ashenzari.
    22 | D        | Became a worshipper of Qazlal Stormbringer
    49 | D        | Reached skill level 1 in Invocations
    57 | D        | Reached skill level 2 in Invocations
    57 | D        | Gained mutation: You are partially covered in large bone
                  | plates. (SH +4) [demonic ancestry]
    57 | D        | Reached XP level 2. HP: 12/24 MP: 2/4
   207 | D        | Noticed a floating eye
   211 | D        | Reached * piety under Qazlal
   212 | D        | Reached skill level 3 in Invocations
   214 | D        | Paralysed by a floating eye for 3 turns
   221 | D        | Killed a floating eye
   222 | D        | Reached skill level 6 in Invocations
   222 | D        | Reached XP level 3. HP: 29/32 MP: 4/7
   222 | D        | Gained mutation: A meltable shield of frost defends you.
                  | (SH +0) [demonic ancestry]
   222 | D        | Reached XP level 4. HP: 35/38 MP: 5/9
   363 | D        | Reached ** piety under Qazlal
   366 | D        | Reached skill level 7 in Invocations
   433 | D        | Noticed a fire bat
   433 | D        | Noticed a fire bat
   433 | D        | Noticed a bullfrog
   435 | D        | Noticed a centaur
   441 | D        | Killed a fire bat
   442 | D        | Reached skill level 5 in Fighting
   442 | D        | Reached skill level 5 in Armour
   442 | D        | Reached skill level 5 in Shields
   442 | D        | Reached skill level 9 in Invocations
   442 | D        | Gained mutation: You regenerate a little health from kills.
                  | [demonic ancestry]
   442 | D        | Reached XP level 5. HP: 46/46 MP: 10/12
   442 | D        | Reached XP level 6. HP: 52/52 MP: 10/13
   446 | D        | Killed a fire bat
   446 | D        | Reached *** piety under Qazlal
   447 | D        | Reached skill level 5 in Axes
   447 | D        | Reached skill level 10 in Invocations
   453 | D        | Reached skill level 11 in Invocations
   453 | D        | Reached XP level 7. HP: 50/59 MP: 11/15
   458 | D        | Reached **** piety under Qazlal
   501 | D        | Reached skill level 12 in Invocations
   665 | D        | Noticed a tyrant leech
   694 | D        | Killed a tyrant leech
  1082 | D        | Reached ***** piety under Qazlal
  1083 | D        | Reached skill level 13 in Invocations
  1085 | D        | Reached XP level 8. HP: 68/68 MP: 17/17
  1091 | D        | Noticed a dream sheep
  1091 | D        | Noticed a dream sheep
  1091 | D        | Noticed a dream sheep
  1091 | D        | Noticed a dream sheep
  1091 | D        | Noticed a dream sheep
  1091 | D        | Noticed Maurice
  1091 | D        | Noticed a dream sheep
  1092 | D        | Killed a dream sheep
  1092 | D        | Killed a dream sheep
  1092 | D        | Killed a dream sheep
  1092 | D        | Killed a dream sheep
  1092 | D        | Killed a dream sheep
  1092 | D        | Killed a dream sheep
  1092 | D        | Reached ****** piety under Qazlal
  1092 | D        | Killed Maurice
  1093 | D        | Reached skill level 15 in Invocations
  1093 | D        | Gained mutation: You are mostly covered in large bone
                  | plates. (SH +6) [demonic ancestry]
  1093 | D        | Reached XP level 9. HP: 76/76 MP: 9/20
  1371 | D        | Noticed a two-headed ogre
  1372 | D        | Killed a two-headed ogre
  1373 | D        | Reached skill level 16 in Invocations
  1443 | D        | Noticed a gargoyle
  1444 | D        | Noticed a hellwing
  1445 | D        | Killed a gargoyle
  1445 | D        | Killed a hellwing
  1445 | D        | Killed a shadow wraith
  1446 | D        | Reached skill level 10 in Fighting
  1446 | D        | Reached skill level 17 in Invocations
  1446 | D        | Gained mutation: You regenerate health from kills. [demonic
                  | ancestry]
  1446 | D        | Reached XP level 10. HP: 86/86 MP: 13/22
  1651 | D        | Noticed Urug
  1654 | D        | Killed Urug
  1670 | D        | Reached skill level 18 in Invocations
  1675 | D        | Noticed a skeletal warrior
  1677 | D        | Noticed a skeletal warrior
  1678 | D        | Noticed a merfolk avatar
  1678 | D        | Noticed a sea snake
  1679 | D        | Noticed a swamp dragon
  1680 | D        | Killed a cane toad
  1680 | D        | Killed a skeletal warrior
  1680 | D        | Killed a skeletal warrior
  1680 | D        | Killed a swamp dragon
  1680 | D        | Killed a merfolk avatar
  1680 | D        | Killed a sea snake
  1680 | D        | Noticed a skeletal warrior
  1680 | D        | Noticed a skeletal warrior
  1681 | D        | Reached skill level 10 in Axes
  1681 | D        | Reached skill level 10 in Armour
  1681 | D        | Reached skill level 10 in Shields
  1681 | D        | Reached skill level 20 in Invocations
  1681 | D        | Reached XP level 11. HP: 95/95 MP: 15/25
  1681 | D        | Noticed a catoblepas
  1687 | D        | Noticed a skeletal warrior
  1694 | D        | Noticed a sea snake
  1696 | D        | Killed a skeletal warrior
  1696 | D        | Killed Menkaure
  1696 | D        | Killed a sea snake
  1696 | D        | Killed a skeletal warrior
  1697 | D        | Reached skill level 21 in Invocations
  1704 | D        | Killed a catoblepas
  1708 | D        | Killed a skeletal warrior
  1913 | D        | Noticed a lindwurm
  1926 | D        | Killed a lindwurm
  1958 | D        | Noticed a spriggan druid
  1961 | D        | Killed a spriggan druid
  1962 | D        | Reached skill level 22 in Invocations
  1963 | D        | Noticed an orc knight
  1964 | D        | Killed an orc knight
  2289 | D        | Noticed an orc sorcerer
  2296 | D        | Paralysed by an orc sorcerer for 2 turns
  2299 | D        | Killed an orc sorcerer
  2300 | D        | Gained mutation: Your touch may inflict minor irresistible
                  | damage on your foes. [demonic ancestry]
  2300 | D        | Reached XP level 12. HP: 52/105 MP: 27/27
  2401 | D        | Noticed a boulder beetle
  2424 | D        | Killed a boulder beetle
  2524 | D        | Noticed a great orb of eyes
  2527 | D        | Killed a great orb of eyes
  2605 | D        | Noticed a minotaur
  2612 | D        | Reached skill level 23 in Invocations
  2617 | D        | Killed a minotaur
  2914 | D        | Noticed a minotaur
  2917 | D        | Noticed a boulder beetle
  2919 | D        | Killed a minotaur
  2925 | D        | Killed a boulder beetle
  3082 | D        | Noticed a frost giant
  3083 | D        | Killed a frost giant
  3084 | D        | Reached skill level 24 in Invocations
  3092 | D        | Got the +5 pair of gloves "Serubbon" {Dex+5}
  3099 | D        | Got the amulet of Janem {Faith rF+ Str+2}
  3138 | D        | Noticed an orc warlord
  3139 | D        | Noticed an orc warlord
  3139 | D        | Noticed a bone dragon
  3143 | D        | Killed an orc warlord
  3143 | D        | Killed an orc warlord
  3144 | D        | Reached skill level 25 in Invocations
  3144 | D        | Reached XP level 13. HP: 63/114 MP: 20/29
  3150 | D        | Reached skill level 15 in Fighting
  3160 | D        | Killed a bone dragon
  3415 | D        | Noticed an orc warlord
  3418 | D        | Killed an orc warlord
  3419 | D        | Reached skill level 26 in Invocations
  3493 | D        | Noticed a deep elf blademaster
  3503 | D        | Killed a deep elf blademaster
  3522 | D        | Reached skill level 27 in Invocations
  3546 | D        | Got the +2 plate armour of Watchfulness {rC+ rCorr Int+5
                  | Dex-5}
  3591 | D        | Found the +2 hat of the Bear Spirit {Spirit, Bear, *Rage
                  | Will++}
  3791 | D        | Noticed Joseph
  3791 | D        | Noticed a balrug
  3794 | D        | Paralysed by an air elemental for 1 turns
  3795 | D        | Killed Joseph
  3795 | D        | Killed a balrug
  3796 | D        | Reached skill level 15 in Armour
  3796 | D        | Reached skill level 15 in Shields
  3804 | D        | Reached skill level 15 in Axes
  3812 | D        | Identified the +4 arbalest of a Thousand Hosts {elec,
                  | Dex+3}
  3812 | D        | Noticed a vampire knight
  3824 | D        | Killed a vampire knight
  3864 | D        | Got the ring "Ytuceoc" {rF+ rC+}
  3933 | D        | Noticed an eidolon
  3935 | D        | Killed an eidolon
  3936 | D        | Gained mutation: Your touch may inflict irresistible damage
                  | on your foes. [demonic ancestry]
  3936 | D        | Reached XP level 14. HP: 128/128 MP: 22/31
  3950 | D        | Noticed Frances
  3958 | D        | Noticed Saint Roka
  3961 | D        | Killed Frances
  3968 | D        | Noticed a shadow dragon
  3973 | D        | Killed a shadow dragon
  3977 | D        | Killed Saint Roka
  4307 | D        | Noticed a deep elf blademaster
  4332 | D        | Killed a deep elf blademaster
  4345 | D        | Gained mutation: You are weak. (Str -2) [a neqoxec]
  4499 | D        | Noticed Mara
  4504 | D        | Killed Mara
  4543 | D        | Noticed a war gargoyle
  4546 | D        | Noticed a deep elf master archer
  4548 | D        | Killed a deep elf master archer
  4550 | D        | Killed a war gargoyle
  4563 | D        | Reached XP level 15. HP: 76/141 MP: 17/32
  4572 | D        | Identified the +7 sling of Fauntej {heavy, Fly rF+ rC-
                  | Stlth+}
  4587 | D        | Noticed a shadow dragon
  4610 | D        | Killed a shadow dragon
  4857 | D        | Got the +0 cloak "Jaunuck" {Regen+ Str+3 Dex+2}
  4912 | D        | Noticed a titan
  4920 | D        | Killed a titan
  4921 | D        | Found the +7 great mace "Firestarter" {flame, inner flame,
                  | rFlCloud rF++}
  5137 | D        | Got a silver rune of Zot
  5166 | D        | Got the Octavo of Ghastly Wounds
  5176 | D        | Got the ring of Boush {AC+4 Dex+3}
  5295 | D        | Noticed an ancient lich
  5296 | D        | Noticed a lich
  5296 | D        | Noticed a lich
  5297 | D        | Noticed a black draconian knight
  5299 | D        | Killed a lich
  5299 | D        | Killed an ancient lich
  5300 | D        | Reached XP level 16. HP: 121/157 MP: 24/33
  5304 | D        | Killed a lich
  5309 | D        | Noticed a sphinx
  5310 | D        | Killed a sphinx
  5642 | D        | Got the Lessons on Despair
  5648 | D        | Got Miphig's Volume of the Coals
  5708 | D        | Got the amulet of Liberty {Reflect Rampage SH+5}
  5721 | D        | Got the ring "Enyntek" {Fly MP+9 Str+4 Dex-5 Slay+5}
  5723 | D        | Got the amulet of Arril {rF- rC+ Regen+ Stlth+}
  5725 | D        | Got the amulet of Valum {Reflect *Slow rC+ rCorr Dex+2
                  | SH+5}
  5744 | D        | Got the ring "Douwkoph" {rElec rCorr Slay+4}
  5747 | D        | Got the ring of Imutask {Fly EV+5}
  6017 | D        | Lost mutation: You are weak. (Str -2) [potion of mutation]
  6017 | D        | Gained mutation: You have large cloven feet. [potion of
                  | mutation]
  6017 | D        | Gained mutation: Your movements are slightly less
                  | encumbered by armour. (ER -2) [potion of mutation]
  6017 | D        | Gained mutation: Your spells are a little harder to cast,
                  | but a little more powerful. [potion of mutation]
  6018 | D        | Lost mutation: Your spells are a little harder to cast, but
                  | a little more powerful. [potion of mutation]
  6018 | D        | Lost mutation: You have large cloven feet. [potion of
                  | mutation]
  6018 | D        | Gained mutation: You have a pair of small antennae on your
                  | head. [potion of mutation]
  6018 | D        | Gained mutation: You have hidden genetic potential. [potion
                  | of mutation]
  6018 | D        | Gained mutation: You expend magic power (3 MP) to
                  | strengthen your wands. [potion of mutation]
  6056 | D        | Noticed a storm dragon
  6056 | D        | Noticed a titan
  6058 | D        | Noticed a hellephant
  6079 | D        | Slain by a hell knight

Illustrated notes

Levels and vault maps discovered:
D:        pitsprint [storerooms_1, entrance_room_1, metal_vault_1, armoury_2,
          mini_pit_1, grid_room_1, main_hall_1, silver_pit, the_coven_2,
          the_vestibule_1, steel_vault_3, golden_pit, hallway_of_sentries,
          crystal_vault_1, iron_vault_3, final_vault]

Skill      XL: |  1  2  3  4  5  6  7  8  9 10 11 12 13 14 15 16 |
---------------+-------------------------------------------------+-----
Axes           | 2 3 4 5 6 8 9 10 12 13 15 18 21 22 | 22.1
Armour         | 3 4 5 6 7 8 9 10 12 13 15 18 21 22 | 22.1
Shields        | 3 4 5 6 7 8 9 10 12 13 15 18 21 22 | 22.2
Invocations    | 2 6 9 11 13 15 17 20 22 25 27 | 27.0
Fighting       | 4 5 6 7 9 10 11 13 14 17 19 23 | 23.9

Action                     |  1- 3 |  4- 6 |  7- 9 | 10-12 | 13-15 | 16-18 || total
---------------------------+-------+-------+-------+-------+-------+-------++-------
  Melee: War axe           |    25 |    20 |    70 |    89 |    40 |       ||   244
         Broad axe         |       |       |       |       |   171 |    23 ||   194
 Invoke: Disaster Area     |       |       |     3 |     8 |    15 |     2 ||    28
    Use: Potion            |       |     1 |     4 |       |       |     8 ||    13
         Scroll            |       |       |       |     5 |       |       ||     5
   Stab: Petrified         |       |       |       |     1 |     2 |       ||     3
 Armour: Scale mail        |     3 |     4 |       |       |       |       ||     7
         Plate armour      |       |    10 |    21 |    47 |    27 |       ||   105
         Gold dragon scale |       |       |       |       |    63 |    48 ||   111
  Dodge: Dodged            |     7 |     5 |     7 |    20 |    32 |    27 ||    98
         Repelled          |       |       |       |       |       |     2 ||     2
  Block: Buckler           |     5 |    22 |    55 |   148 |   234 |     5 ||   469

Table legend: (Time is in decaauts)
 A = Elapsed time spent in this place.
 B = Non-inter-level travel time spent in this place.
 C = Inter-level travel time spent in this place.
 D = Time resting spent in this place.
 E = Time spent auto-exploring this place.
 F = Levels seen in this place.
 G = Mean time per level.
                   A        B        C        D        E       F      G
               +--------+--------+--------+--------+--------+-----+--------+
         Total |   6095 |   5683 |    412 |   3504 |      0 |   1 | 6095.0 |
       Dungeon |   6095 |   5683 |    412 |   3504 |      0 |   1 | 6095.0 |
               +--------+--------+--------+--------+--------+-----+--------+

Top non-repeatable levels by time:
       D: 6095 daAuts
